 Dungeon Crawl Stone Soup version 0.31.0-32-g396128a36d (webtiles) character file.

Game seed: 16630503571430252501

2409 PaiMei the Purveyor of Pain (level 9, -2/69 HPs)
             Began as a Demonspawn Necromancer on Apr 2, 2024.
             Was an Initiate of Kikubaaqudgha.
             Splashed by a jelly's acid (8 damage)
             ... on level 7 of the Dungeon.
             The game lasted 00:11:36 (7777 turns).

PaiMei the Purveyor of Pain (DsNe)                  Turns: 7777, Time: 00:11:37

Health: -2/69      AC:  5    Str: 15    XL:     9   Next: 23%
Magic:  2/18       EV: 14    Int: 20    God:    Kikubaaqudgha [......]
Gold:   278        SH: 11    Dex: 13    Spells: 7/20 levels left

rFire   . . .        j - +2 dagger (speed)
rCold   . . .        (no shield)
rNeg    . . .        a - +0 robe
rPois   .            (no helmet)
rElec   .            (no cloak)
rCorr   .            l - +2 pair of gloves
SInv    .            (no boots)
Will    .....        d - amulet of reflection
Stlth   ++           e - +4 ring of protection
HPRegen 0.31/turn    f - +6 ring of strength
MPRegen 0.16/turn

%: reflection
@: corroded, studying Short Blades
A: hooves 2, large bone plates 2, powered by death 1
a: Renounce Religion


You were on level 7 of the Dungeon.
You worshipped Kikubaaqudgha.
Kikubaaqudgha was noncommittal.
You visited 2 branches of the dungeon, and saw 8 of its levels.
You also visited: Ossuary.

You collected 466 gold pieces.
You spent 188 gold pieces at shops.

Inventory:

Hand Weapons
 j - a +2 dagger of speed (weapon)
 q - a +1 dagger of venom
 J - a +2 heavy spear
Missiles
 p - 7 atropa-tipped darts (quivered)
 F - 16 poisoned darts
 H - a throwing net
Armour
 a - a +0 robe (worn)
 l - a +2 pair of gloves (worn)
Jewellery
 d - an amulet of reflection (around neck)
 e - a +4 ring of protection (left hand)
 f - a +6 ring of strength (right hand)
 g - an amulet of faith
 u - a +6 ring of strength
Wands
 c - a wand of light (14)
 v - a wand of paralysis (4)
 E - a wand of roots (26)
Scrolls
 h - 2 scrolls of identify
 k - 2 scrolls of fog {unknown}
 n - 2 scrolls of brand weapon {unknown}
 o - 3 scrolls of revelation {unknown}
 s - 6 scrolls of teleportation
 t - a scroll of amnesia {unknown}
 w - 2 scrolls of vulnerability {unknown}
 x - a scroll of enchant weapon {unknown}
 y - a scroll of enchant armour {unknown}
 D - a scroll of blinking
 G - 3 scrolls of fear {unknown}
 I - a scroll of noise {unknown}
Potions
 b - 2 potions of magic
 i - 3 potions of might {unknown}
 m - a potion of brilliance {unknown}
 r - a potion of attraction {unknown}
 A - a potion of cancellation {unknown}
 B - 5 potions of curing
 C - 2 potions of invisibility


   Skills:
 + Level 6.0 Fighting
 + Level 5.9 Dodging
 - Level 2.0 Stealth
 + Level 6.0 Spellcasting
 + Level 8.1 Necromancy


You had 7 spell levels left.
You knew the following spells:

 Your Spells              Type           Power      Damage    Failure   Level
a - Necrotise             Necr           100%       1d9       1%          1
b - Vampiric Draining     Necr           38%        2d8       1%          3
c - Animate Dead          Necr           38%        N/A       3%          4
d - Curse of Agony        Necr           38%        N/A       10%         5

Your spell library contained the following spells:

 Spells                   Type           Power      Damage    Failure   Level
 Inner Flame              Hex/Fire       6%         N/A       30%         3
 Irradiate                Conj/Alch      3%         3d12      96%         5
 Ignition                 Fire           3%         3d4       100%        8


Dungeon Overview and Level Annotations

Branches:
Dungeon (7/15)             Temple (1/1) D:7         Ossuary (visited)

Altars:
Ashenzari
Cheibriados
Fedhas
Gozag
Hepliaklqana
Kikubaaqudgha
Makhleb
Nemelex Xobeh
Okawaru
Qazlal
Ru
Sif Muna
Trog
Uskayaw
Vehumet
Wu Jian
Xom
Yredelemnul

Shops:
D:4 ?

Annotations:
D:2 Sigmund


Innate Abilities, Weirdness & Mutations

You have hoof-like feet.
You are mostly covered in large bone plates. (SH +6)
You regenerate a little health from kills.


Message History

The roots erupt in riotous growth!
The killer bee is unaffected.
Roots grab the sleepcap.
The jelly is unaffected.
The grasping roots constrict the sleepcap!
The grasping roots constrict the killer bee.
You hear an angry buzzing noise.
The roots release their grip on the killer bee.
You block the killer bee's attack. The jelly hits you.
* * * LOW HITPOINT WARNING * * *
You are splashed with acid!
* * * LOW HITPOINT WARNING * * *
The sleepcap struggles to escape constriction.
The killer bee stings you but does no damage.
The grasping roots constrict the sleepcap.
The roots release their grip on the sleepcap.
The killer bee attacks as it pursues you!
You block the killer bee's attack.
The killer bee stings you but does no damage.
You block the killer bee's attack. The killer bee completely misses you.
Casting: Necrotise (safe; 1% risk of failure)
Confirm with . or Enter, or press ? or * to list all spells.
Aiming: Necrotise (safe; 1% risk of failure)
Press: ? - help, Shift-Dir - straight line, f/p - sleepcap
Aim: a sleepcap (moderately damaged, chance to affect: 88%)
The killer bee writhes in agony!
You kill the killer bee!
Kikubaaqudgha accepts your kill.
Your Spellcasting skill increases to level 6!
The jelly attacks as it pursues you! You block the jelly's attack.
The jelly attacks as it pursues you! You block the jelly's attack.
The jelly hits you.
* * * LOW HITPOINT WARNING * * *
The acid corrodes you!
You are splashed with acid!
* * * LOW HITPOINT WARNING * * *
The jelly attacks as it pursues you! The jelly hits you.
* * * LOW HITPOINT WARNING * * *
The acid corrodes you!
You are splashed with acid!
You die...
Kikubaaqudgha rasps: "You have failed me!
Welcome... death!"

.####................#
..............>......#
................>....#
......o..............#
.....##########)######
.....# ####)# #....#
#..).## ######
#.##..## ♣ ##.♣♣♣@.#
#..≈≈≈J♣#
§♣♣♣♣♣♣♣♣♣♣♣.♣.♣.≈♣♣
≈§§≈≈.≈≈.≈≈≈....f.≈♣♣
♣♣♣?................♣♣
♣...†#...≈..≈..≈♣....♣
♣.......≈♣≈....≈♣≈...♣
♣.#......≈♣#....♣≈...♣
♣.††.≈...§#♣#......≈♣♣


You could see a sleepcap and a jelly.

Vanquished Creatures
  A steam dragon (D:7)
  A water moccasin (D:7)
  An ice beast (D:5)
  An ogre (D:4)
  A black bear (D:4)
  A centaur (D:7)
  A weeping skull (Ossuary)
  2 bullfrogs
  5 scorpions
  A gnoll sergeant (D:4)
  2 water moccasin zombies (Ossuary)
  3 killer bees (D:7)
  A howler monkey (D:6)
  A bombardier beetle (D:5)
  A centaur zombie (Ossuary)
  3 jellies (D:7)
  4 orc priests
  2 bullfrog zombies (Ossuary)
  3 hounds (D:6)
  3 sleepcaps
  5 iguanas
  A scorpion zombie (Ossuary)
  Ijyb (D:5)
  An ogre zombie (Ossuary)
  A mummy (D:4)
  4 gnolls (D:4)
  4 adders
  4 white imps
  2 ufetubi (D:7)
  3 adder zombies (Ossuary)
  A dart slug (D:3)
  A ribbon worm (D:2)
  18 orcs
  6 endoplasms
  3 giant cockroaches
  8 hobgoblins
  7 jackals
  5 kobolds
  5 quokkas
  6 ball pythons
  4 bats
  3 frilled lizards
  4 gnoll zombies (Ossuary)
  9 goblins
  2 goblin zombies
  2 hobgoblin zombies (Ossuary)
  A kobold zombie (D:4)
  8 orc zombies (Ossuary)
  7 rats
164 creatures vanquished.

Vanquished Creatures (collateral kills)
  An adder (D:2)
  2 bats
  A giant cockroach (D:1)
  A goblin (D:2)
  A jackal (D:2)
  A frilled lizard (D:2)
  A kobold (D:1)
  A rat (D:3)
9 creatures vanquished.

Grand Total: 173 creatures vanquished

Notes
Turn   | Place    | Note
-------+----------+-------------------------------------------
     0 | D:1      | PaiMei the Demonspawn Necromancer began the quest for the
                  | Orb.
     0 | D:1      | Reached XP level 1. HP: 13/13 MP: 3/3
   109 | D:1      | Gained mutation: You are partially covered in large bone
                  | plates. (SH +4) [demonic ancestry]
   109 | D:1      | Reached XP level 2. HP: 11/19 MP: 0/5
   995 | D:1      | Reached XP level 3. HP: 23/25 MP: 1/6
  1210 | D:1      | Learned a level 3 spell: Vampiric Draining
  1472 | D:2      | Reached skill level 1 in Fighting
  1717 | D:2      | Noticed Sigmund
  2319 | D:3      | Gained mutation: You regenerate a little health from kills.
                  | [demonic ancestry]
  2319 | D:3      | Reached XP level 4. HP: 32/32 MP: 4/7
  2667 | D:3      | Reached skill level 5 in Necromancy
  2753 | D:3      | Found a faded altar of an unknown god.
  3216 | D:4      | Gained mutation: You have large cloven feet. [demonic
                  | ancestry]
  3216 | D:4      | Reached XP level 5. HP: 38/38 MP: 6/9
  3297 | D:4      | Noticed a black bear
  3303 | D:4      | Killed a black bear
  3424 | D:4      | Found a sand-covered staircase.
  3434 | Ossuary  | Entered an ossuary
  3508 | Ossuary  | Gained mutation: You are mostly covered in large bone
                  | plates. (SH +6) [demonic ancestry]
  3508 | Ossuary  | Reached XP level 6. HP: 39/46 MP: 9/11
  3838 | Ossuary  | Reached skill level 6 in Necromancy
  3838 | Ossuary  | Reached XP level 7. HP: 52/52 MP: 3/12
  4018 | Ossuary  | Noticed a silent spectre
  4200 | D:4      | Found Feurakho's Magic Scroll Emporium.
  4208 | D:4      | Bought a scroll of blinking for 97 gold pieces
  4208 | D:4      | Bought a scroll of teleportation for 39 gold pieces
  4208 | D:4      | Bought a scroll of identify for 26 gold pieces
  4208 | D:4      | Bought a scroll of identify for 26 gold pieces
  4644 | D:4      | Found a shimmering altar of Xom.
  5139 | D:5      | Entered Level 5 of the Dungeon
  5151 | D:5      | Reached XP level 8. HP: 60/60 MP: 7/14
  5625 | D:5      | Noticed Ijyb
  5626 | D:5      | Found a snail-covered altar of Cheibriados.
  5633 | D:5      | Killed Ijyb
  5634 | D:5      | Found a hide-covered altar of Uskayaw.
  5634 | D:5      | Found an iron altar of Okawaru.
  5694 | D:5      | Found an opulent altar of Gozag.
  5753 | D:6      | Reached skill level 7 in Necromancy
  5877 | D:6      | Reached skill level 5 in Spellcasting
  5953 | D:6      | Reached skill level 5 in Dodging
  5988 | D:6      | Reached skill level 5 in Fighting
  6738 | D:6      | Found a basalt altar of Yredelemnul.
  6891 | D:6      | Found a sparkling altar of Nemelex Xobeh.
  6996 | D:6      | Found a bloodstained altar of Trog.
  7029 | D:6      | Learned a level 4 spell: Animate Dead
  7035 | D:6      | Learned a level 5 spell: Curse of Agony
  7191 | D:7      | Found a staircase to the Ecumenical Temple.
  7202 | Temple   | Entered the Ecumenical Temple
  7211 | Temple   | Became a worshipper of Kikubaaqudgha
  7431 | D:7      | Gained mutation: You have hoof-like feet. [demonic
                  | ancestry]
  7431 | D:7      | Reached XP level 9. HP: 68/68 MP: 7/17
  7752 | D:7      | Reached skill level 8 in Necromancy
  7777 | D:7      | Splashed by a jelly's acid

Illustrated notes

Levels and vault maps discovered:
D:1:      lightli_arrival_chessboard, layout_rooms, serial_co_window_serial,
          co_window_corner_a, co_window_paths_a, co_window_of_opportunity_a,
          co_window_corner_a, co_window_of_opportunity_a, co_window_broadway_a,
          co_window_unsneaky_path_d, co_window_broadway_b,
          co_window_unsneaky_path_d, co_window_unsneaky_path_d,
          co_window_paths_d, glass_columns_a, glass_columns_b, glass_columns_b
D:2:      layout_rooms, uniq_sigmund
D:3:      layout_basic, dilly_ecumenical_altar_fadedgnrine, hex_large,
          kennysheep_generic_room_16
D:4:      layout_basic, lemuel_doored_altar, nicolae_ossuary_entry_giza,
          serial_shops, shop
D:5:      layout_rooms, minmay_overflow_temple_star_hex, uniq_ijyb
D:6:      layout_basic, lemuel_tele_altar, mainiacjoe_overflow_two_lobes
D:7:      regret_index_malice_mire, layout_gridville, temple_fountains,
          grunt_decor_mini_mirrors
Temple:   hellmonk_temple_of_storms

Skill      XL: |  1  2  3  4  5  6  7  8  9 |
---------------+----------------------------+-----
Stealth        | 2 |  2.0
Dodging        | 2 3 4 5 |  5.9
Fighting       | 1 2 3 4 5 6 |  6.0
Necromancy     | 5 6 7 8 |  8.1
Spellcasting   | 3 4 5 6 |  6.0

Action                     |  1- 3 |  4- 6 |  7- 9 || total
---------------------------+-------+-------+-------++-------
  Melee: Dagger            |    19 |   189 |   188 ||   396
         Trident           |     8 |       |       ||     8
         Punch             |       |     4 |       ||     4
         Kick              |       |    76 |    64 ||   140
   Cast: Necrotise         |    74 |    42 |    88 ||   204
         Vampiric Draining |       |     5 |    55 ||    60
  Evoke: Wand              |       |       |     7 ||     7
    Use: Scroll            |       |       |     4 ||     4
   Stab: Sleeping          |       |       |     1 ||     1
 Armour: Robe              |    46 |    75 |   121 ||   242
  Dodge: Dodged            |    50 |   104 |   163 ||   317
  Block: Other             |     8 |    40 |    92 ||   140
